 Dungeon Crawl Stone Soup version 0.29.1-15-g9cfb28693d (webtiles) character file.

Game seed: 9595824441726250026

10837 Knyalator the Trooper (level 11, -2/138 HPs)
             Began as a Demonspawn Berserker on Mar 11, 2024.
             Was a Priest of Trog.
             Slain by a manticore (10 damage)
             ... on level 1 of the Shoals.
             The game lasted 00:37:12 (18069 turns).

Knyalator the Trooper (Demonspawn Berserker)       Turns: 18069, Time: 00:37:13

Health: -2/138     AC: 25    Str: 18    XL:     11   Next: 41%
Magic:  11/11      EV:  2    Int: 13    God:    Trog [***...]
Gold:   435        SH:  4    Dex: 12    Spells: 10/10 levels left

rFire   + . .      SeeInvis .   I - +6 hand axe (freeze)
rCold   x . .      Faith    +   (no shield)
rNeg    . . .      Spirit   .   (body armour currently unavailable)
rPois   +          Reflect  .   (helmet currently unavailable)
rElec   .          Harm     .   (cloak currently unavailable)
rCorr   .          Rampage  .   (gloves currently unavailable)
Will    .....      Clarity  +   (boots currently unavailable)
Stlth   +......... NoTele   +   k - amulet of faith
HPRegen 0.33/turn               q - ring of fire
MPRegen 0.12/turn               (no ring)

@: lit by a corona, tree-form, silenced, on berserk cooldown, attractive, hasted
and slowed, glowing
A: stationary, stasis, torment immunity, boosted hp, (large bone plates 1),
powered by death 2, condensation shield, (demonic touch 2), (hooves 1), clarity,
robust 1
a: Renounce Religion


You were on level 1 of the Shoals.
You worshipped Trog.
Trog was most pleased with you.
You were a tree.
You visited 4 branches of the dungeon, and saw 13 of its levels.

You collected 655 gold pieces.
You spent 220 gold pieces at shops.

Inventory:

Hand Weapons
 a - a +0 mace
 j - a +2 dagger of freezing
 l - a +0 short sword of holy wrath
 v - a +4 mace
 w - a +4 great sword of freezing
 x - a +1 spear
 z - a +4 great sword of freezing
 A - a +1 scimitar
 F - a +1 halberd
 I - a +6 hand axe of freezing (weapon)
 L - a +1 flail of protection
Armour
 b - a +1 animal skin
 G - a +0 animal skin
 Q - the +2 ring mail "Cycken" (melded) {-Tele Rampage rN+}
   (You found it on level 1 of the Lair of Beasts)

   rN:        It protects you from negative energy.
   -Tele:     It prevents most forms of teleportation.
   Rampage:   It bestows one free step when moving towards enemies.
Jewellery
 d - an amulet of reflection
 i - an amulet of magic regeneration
 k - an amulet of faith (around neck)
 q - a ring of fire (left branch)
 y - an amulet of regeneration
 N - a ring of protection from fire
 S - an amulet of faith
Wands
 f - a wand of flame (63)
 n - a wand of iceblast (7)
 C - a wand of mindburst (14)
 D - a wand of quicksilver (12)
 O - a wand of digging (2)
Scrolls
 c - 4 scrolls of teleportation
 e - 2 scrolls of noise
 g - 2 scrolls of amnesia
 t - 2 scrolls of identify
 u - a scroll of enchant armour
 E - 3 scrolls of fear
 M - a scroll of fog
 P - a scroll of torment
Potions
 m - 2 potions of attraction
 r - a potion of magic
 s - a potion of lignification
 J - a potion of flight
Miscellaneous
 p - a piece from Xom's chessboard (15/15)
 B - a phantom mirror


   Skills:
 + Level 7.6 Fighting
 + Level 4.6(5.9) Short Blades
 + Level 5.7(6.5) Long Blades
 + Level 6.7(7.5) Axes
 + Level 4.9(6.6) Maces & Flails
 + Level 5.6 Armour
 + Level 6.6 Dodging
 + Level 5.9 Stealth
 + Level 3.5 Shields


You had 10 spell levels left.
You didn't know any spells.
Your spell library was empty.

Dungeon Overview and Level Annotations

Branches:
Dungeon (9/15)             Temple (1/1) D:4            Lair (2/5) D:9
 Shoals (1/4) Lair:2
  Snake: Lair:2-3    Spider: Lair:2-3       Orc: D:9-12

Altars:
Ashenzari
Dithmenos
Gozag
Hepliaklqana
Kikubaaqudgha
Nemelex Xobeh
Okawaru
Qazlal
Ru
Sif Muna
Trog
Vehumet
Wu Jian

Shops:
D:5 *


Innate Abilities, Weirdness & Mutations

You are a tree.
Your roots penetrate the ground, keeping you stationary.
You cannot be teleported.
You are immune to unholy pain and torment.
Your maximum health is greatly increased.
Your equipment is partially melded.
((You are partially covered in large bone plates. (SH +4)))
You regenerate health from kills.
A meltable shield of frost defends you. (SH +4)
((Your touch may inflict irresistible damage on your foes.))
((You have large cloven feet.))
You possess an exceptional clarity of mind.
You are robust. (+10% HP)


Message History

You cannot move. (Use ctrl+direction or * direction to attack while stationary and confused.)
You cannot move. (Use ctrl+direction or * direction to attack while stationary and confused.)
You are too confused!
You are too confused!
You are too confused!
You are too confused!
You are too confused!
You are too confused!
You are too confused!
You are too confused!
You are too confused!
You are too confused!
Your magic is already full.
Really quaff the potion of lignification?
Okay, then.
You cannot move. (Use ctrl+direction or * direction to attack while stationary and confused.)
You cannot move. (Use ctrl+direction or * direction to attack while stationary and confused.)
You cannot move. (Use ctrl+direction or * direction to attack while stationary and confused.)
You hit the faun. You freeze the faun. The faun hits you but does no damage.
The manticore is attracted toward you.
You cannot move. (Use ctrl+direction or * direction to attack while stationary and confused.)
You nearly hit yourself!
The faun hits you but does no damage. The manticore is attracted toward you.
You miss the faun. The faun hits you with a +0 club.
* * * LOW HITPOINT WARNING * * *
The manticore is attracted toward you.
You hit the manticore but do no damage. You barely miss the faun.
You feel less invigorated.
You feel less confused.
The manticore bites you but does no damage.
The manticore claws you but does no damage.
The manticore completely misses you. The faun hits you with a +0 club!
* * * LOW HITPOINT WARNING * * *
You hit the manticore but do no damage. You hit the faun. You freeze the faun.
The manticore bites you.
* * * LOW HITPOINT WARNING * * *
The manticore claws you but does no damage. x2
You hit the manticore but do no damage. You closely miss the faun.
The faun hits you but does no damage. The manticore bites you!
You die...

~~~~~~~~~~~~~~,**#..~~~~~~~~~~~~~
~~~~~~~~~~~~~,** #P<~~~~~~.~~~~~~
~~~~~~~,~~~~~,** ##.~~~~~..,,,~~~
~~~~~~~,~~~~~~,* #.~~~~~..,,,,~~
~~~~,***~~~~~,,* ##~~~~~.##*,,,~~
~~~~,,**~~,~~,**##..~~~~.#**,,,~~
~~~~,,*,,~~,,,* #.~....~..#,,,,~~
~~~~~,,,,,,,***##c~~~~.~~..,,~~~~
~~~~~~~~~,,** #♣H~~~~~~~..,,,~~~
~~~~~~~~~~,,** #.~~~~~~~~..,~~~~~
~~~~~~~~~~~,,* #..~~~~~~~~.,~~~~~
~~~~~~~~~~~,,* ##.)~~~~~~~~~~~~~~
~~~~~~~~~~~,,** #.~~~≈≈~~~~~~~~~~
~~~~~~~~~~~,,,**#.~~≈≈≈≈≈~~~~~~~~
~~~~~~~~~~~~,,,,.~~~≈≈≈≈≈~~~~~~~~
~~~~~~~~~~~~~~~,,~~~~≈≈≈~~~~~~~~~
~~~~~~~~~~~~~~~~~~~~~~~~~~~~~~~~~


You could see a faun and a manticore (unsilenced).

Vanquished Creatures
  A boulder beetle (Lair:2)
  3 black mambas (Lair:2)
  Maggie (D:8)
  5 cane toads
  2 komodo dragons (Lair:2)
  2 snapping turtles
  11 yaks
  A shadow (D:9)
  2 wyverns (Lair:2)
  2 steam dragons (D:8)
  Grum (D:8)
  2 wargs (D:9)
  2 redbacks (Lair:2)
  5 water moccasins
  3 black bears
  2 ice beasts
  2 orc warriors (D:9)
  2 wolves (D:8)
  A kobold brigand (D:8)
  10 bullfrogs
  3 scorpions
  3 necrophages (D:6)
  5 wights (D:7)
  7 electric eels
  A jelly (D:8)
  2 hounds (D:6)
  A gnoll bouda (D:6)
  2 orc priests (D:9)
  3 iguanas
  6 orc wizards
  Terence (D:2)
  3 gnolls (D:6)
  12 adders
  3 white imps
  2 ufetubi
  2 worms
  7 dart slugs
  34 orcs
  5 ball pythons
  2 bats (D:2)
  5 endoplasms
  3 giant cockroaches
  8 goblins
  8 hobgoblins
  8 jackals
  5 kobolds
  6 quokkas
  4 frilled lizards
  5 rats
216 creatures vanquished.

Vanquished Creatures (collateral kills)
  An acid dragon (D:9)
1 creature vanquished.

Vanquished Creatures (others)
  A kobold (D:8)
  2 fungi (Lair:2)
  18 plants (Lair:2)
21 creatures vanquished.

Grand Total: 238 creatures vanquished

Notes
Turn   | Place    | Note
-------+----------+-------------------------------------------
     0 | D:1      | Knyalator the Demonspawn Berserker began the quest for the
                  | Orb.
     0 | D:1      | Reached XP level 1. HP: 18/18 MP: 1/1
  1181 | D:1      | Gained mutation: Your touch may inflict minor irresistible
                  | damage on your foes. [demonic ancestry]
  1181 | D:1      | Reached XP level 2. HP: 22/24 MP: 2/2
  1260 | D:1      | Found a faded altar of an unknown god.
  2443 | D:2      | Gained mutation: You regenerate a little health from kills.
                  | [demonic ancestry]
  2443 | D:2      | Reached XP level 3. HP: 29/29 MP: 3/3
  3034 | D:2      | Noticed Terence
  3037 | D:2      | Killed Terence
  3215 | D:2      | Gained mutation: Your touch may inflict irresistible damage
                  | on your foes. [demonic ancestry]
  3215 | D:2      | Reached XP level 4. HP: 33/36 MP: 4/4
  3307 | D:2      | Gained mutation: You possess an exceptional clarity of
                  | mind. [potion of mutation]
  3307 | D:2      | Gained mutation: You are robust. (+10% HP) [potion of
                  | mutation]
  3307 | D:2      | Gained mutation: You have large cloven feet. [potion of
                  | mutation]
  4140 | D:3      | Reached skill level 1 in Stealth
  4744 | D:4      | Noticed a scorpion
  4755 | D:4      | Killed a scorpion
  4756 | D:4      | Gained mutation: A meltable shield of frost defends you.
                  | (SH +4) [demonic ancestry]
  4756 | D:4      | Reached XP level 5. HP: 46/46 MP: 5/5
  4946 | D:4      | Found a staircase to the Ecumenical Temple.
  5009 | Temple   | Entered the Ecumenical Temple
  5300 | D:4      | Reached ** piety under Trog
  5301 | D:4      | Noticed a black bear
  5310 | D:4      | Killed a black bear
  5311 | D:4      | Reached skill level 4 in Fighting
  5311 | D:4      | Reached XP level 6. HP: 52/52 MP: 6/6
  5496 | D:4      | Noticed an ice beast
  5506 | D:4      | Killed an ice beast
  5507 | D:4      | Reached skill level 1 in Short Blades
  5568 | D:4      | Found an opulent altar of Gozag.
  5955 | D:5      | Entered Level 5 of the Dungeon
  5965 | D:5      | Noticed a water moccasin
  5975 | D:5      | Killed a water moccasin
  5976 | D:5      | Reached XP level 7. HP: 35/60 MP: 7/7
  6268 | D:5      | Found Lew Kono's General Store.
  6276 | D:5      | Bought a piece from Xom's chessboard (15/15) for 220 gold
                  | pieces
  6933 | D:6      | Found a shadowy altar of Dithmenos.
  6936 | D:6      | Found a radiant altar of Vehumet.
  6940 | D:6      | Found an iron altar of Okawaru.
  7066 | D:6      | Reached skill level 1 in Shields
  7100 | D:6      | Reached *** piety under Trog
  7101 | D:6      | Reached XP level 8. HP: 30/67 MP: 8/8
  7571 | D:6      | Reached skill level 5 in Fighting
  8937 | D:7      | Reached skill level 5 in Dodging
  9254 | D:7      | Found an ornate altar of the Wu Jian Council.
  9303 | D:7      | Reached skill level 1 in Long Blades
  9405 | D:7      | Reached XP level 9. HP: 61/75 MP: 9/9
 10279 | D:8      | Found a stormy altar of Qazlal.
 10431 | D:8      | Noticed Grum
 10445 | D:8      | HP: 4/112 [Grum/+1 halberd (18)]
 10449 | D:8      | Killed Grum
 10450 | D:8      | Reached skill level 5 in Stealth
 10836 | D:8      | Reached skill level 6 in Fighting
 11092 | D:8      | Noticed Maggie
 11104 | D:8      | Killed Maggie
 11162 | D:8      | Reached **** piety under Trog
 11595 | D:9      | Reached skill level 5 in Long Blades
 11599 | D:9      | Reached skill level 1 in Axes
 11604 | D:9      | Gained mutation: You regenerate health from kills. [demonic
                  | ancestry]
 11604 | D:9      | Reached XP level 10. HP: 80/84 MP: 10/10
 11910 | D:9      | Found a staircase to the Lair.
 12341 | Lair:1   | Entered Level 1 of the Lair of Beasts
 12345 | Lair:1   | Identified the +2 ring mail "Cycken" {-Tele Rampage rN+}
 12581 | Lair:1   | Reached skill level 7 in Fighting
 13127 | Lair:1   | Noticed a cane toad
 13133 | Lair:1   | Killed a cane toad
 13497 | Lair:1   | You fall into a shaft and drop 1 floor!
 13497 | Lair:2   | Noticed a cane toad
 13504 | Lair:2   | Killed a cane toad
 13505 | Lair:2   | Reached skill level 5 in Axes
 14126 | Lair:2   | Noticed a black mamba
 14135 | Lair:2   | Killed a black mamba
 14363 | Lair:2   | Noticed a boulder beetle
 14376 | Lair:2   | Killed a boulder beetle
 14377 | Lair:2   | Gained mutation: You are partially covered in large bone
                  | plates. (SH +4) [demonic ancestry]
 14377 | Lair:2   | Reached XP level 11. HP: 61/92 MP: 11/11
 16156 | Lair:2   | Reached skill level 5 in Armour
 17902 | Lair:2   | Found a staircase to the Shoals.
 18037 | Shoals:1 | Entered Level 1 of the Shoals
 18069 | Shoals:1 | Slain by a manticore

Illustrated notes

Levels and vault maps discovered:
D:1:      minmay_arrival_wavy_path, layout_loops_corners,
          hellmonk_ecumenical_altar_crossroads
D:2:      minmay_inner_zag, layout_basic, uniq_terence
D:3:      wander_river, layout_loops_ring
D:4:      minmay_opposing_rooms, layout_basic, overflow_temple_1_default,
          temple_pool_b
D:5:      layout_rooms, serial_shops, nicolae_shop_hallway_stairs
D:6:      layout_rooms, minitemple, minmay_fractal_squares_diagonal_5
D:7:      layout_basic, nicolae_wu_jian_glorious_leap
D:8:      minmay_general_purpose_star, layout_loops_cross, grunt_qazlal_clouds,
          enter_bailey_3, uniq_maggie, uniq_grum
D:9:      layout_long_grid, erik_lair_orcish_takeover
Temple:   bh_familiar_temple
Lair:1:   layout_regular_city, st_stairs_6, infiniplex_staircase_pool,
          grunt_megastairs_1
Lair:2:   layout_cave_pods, minmay_shoals_entry_hut, spider_nest_entry_webs,
          serial_bayou_lagoon_b, serial_bayou_shore_a
Shoals:1: layout_shoals, nicolae_shoals_sun_and_surf

Skill      XL: |  1  2  3  4  5  6  7  8  9 10 11 |
---------------+----------------------------------+-----
Dodging        | 2 3 4 5 6 |  6.6
Maces & Flails | 3 4 |  4.9
Stealth        | 1 2 3 4 5 |  5.9
Fighting       | 4 5 6 7 |  7.6
Short Blades   | 1 3 4 |  4.6
Shields        | 1 2 3 |  3.5
Long Blades    | 1 5 |  5.7
Axes           | 1 6 |  6.7
Armour         | 4 5 |  5.6

Action                   |  1- 3 |  4- 6 |  7- 9 | 10-12 || total
-------------------------+-------+-------+-------+-------++-------
Melee: Mace              |    70 |    54 |       |       ||   124
       Touch             |     8 |    21 |    28 |    30 ||    87
       Kick              |       |    34 |    46 |    44 ||   124
       Dagger            |       |    71 |   134 |       ||   205
       Punch             |       |     1 |     1 |     3 ||     5
       Great sword       |       |       |    59 |       ||    59
       Hand axe          |       |       |    21 |   160 ||   181
Invok: Berserk           |     1 |     3 |     6 |    20 ||    30
       Trog's Hand       |       |       |       |     1 ||     1
       Brothers in Arms  |       |       |       |     1 ||     1
  Use: Potion            |     4 |     1 |     1 |    17 ||    23
       Scroll            |     2 |     4 |    12 |     6 ||    24
 Stab: Sleeping          |     1 |     4 |     9 |     5 ||    19
Armor: Animal skin       |     8 |    20 |    18 |     5 ||    51
       Ring mail         |       |       |       |    11 ||    11
       Skin              |       |       |       |     7 ||     7
Dodge: Dodged            |    56 |    69 |   129 |    77 ||   331
Block: Other             |       |    12 |    28 |    33 ||    73
